 Dungeon Crawl Stone Soup version 0.31.0-9-g3a7656b989 (webtiles) character file.

Game seed: 6018353919874076448

121 qw the Ducker (level 4, -3/22 HPs)
             Began as a Spriggan Hunter on Feb 2, 2024.
             Slain by an iguana (6 damage)
             ... on level 4 of the Dungeon.
             The game lasted 00:00:07 (1527 turns).

qw the Ducker (Spriggan Hunter)                     Turns: 1527, Time: 00:00:07

Health: -3/22      AC:  2    Str:  7    XL:     4   Next: 76%
Magic:  5/5        EV: 20    Int: 10    God:
Gold:   97         SH:  0    Dex: 20    Spells: 3/3 levels left

rFire   . . .        a - +0 shortbow
rCold   . . .        (shield currently unavailable)
rNeg    . . .        c - +0 robe
rPois   .            (helmet restricted)
rElec   .            (no cloak)
rCorr   .            (gloves unavailable)
SInv    +            (boots unavailable)
Will    .....        (no amulet)
Stlth   ++           (no ring)
HPRegen 0.23/turn    (no ring)
MPRegen 0.09/turn

%: no passive effects
@: very quick
A: very small, no large weapons, unfitting armour, see invisible, speed 3
a: no special abilities


You were on level 4 of the Dungeon.
You visited 1 branch of the dungeon, and saw 4 of its levels.

You collected 97 gold pieces.


Innate Abilities, Weirdness & Mutations

You are very small and have problems with some larger weapons.
You are too small for most types of armour.
You have supernaturally acute eyesight. (SInv)
You cover ground extremely quickly. (Speed+++)


   Skills:
 + Level 1.6 Fighting
 - Level 5.0 Ranged Weapons
 - Level 5.4 Dodging
 - Level 1.5 Stealth


You had 3 spell levels left.
You didn't know any spells.
Your spell library was empty.

Inventory:

Hand Weapons
 a - a +0 shortbow (weapon)
Armour
 c - a +0 robe (worn)
Wands
 f - a wand of iceblast (20)
Potions
 d - 2 potions of curing
 g - a potion of attraction {unknown}
 h - a potion of enlightenment {unknown}

Dungeon Overview and Level Annotations

Branches:
Dungeon (4/15)
 Temple: D:4-7

Altars:
Sif Muna


Message History

An iguana is nearby!
Waypoint 3 assigned to D:4.
You shoot an arrow. The arrow hits the iguana.
The iguana is moderately wounded.
You shoot an arrow. The arrow hits the iguana.
The iguana is heavily wounded.
You shoot an arrow. The arrow hits the iguana.
The iguana is severely wounded.
The iguana bites you.
You shoot an arrow. The arrow barely misses the iguana.
The iguana misses you.
You shoot an arrow. The arrow hits the iguana.
The iguana is almost dead.
The iguana barely misses you.
You shoot an arrow. The arrow barely misses the iguana.
The iguana closely misses you.
You shoot an arrow.
The arrow hits the iguana but does no damage.
The iguana is almost dead.
The iguana barely misses you.
You shoot an arrow. The arrow completely misses the iguana.
The iguana bites you! The iguana completely misses you.
You shoot an arrow.
The arrow hits the iguana but does no damage.
The iguana is almost dead.
The iguana completely misses you.
You shoot an arrow. The arrow closely misses the iguana.
The iguana bites you!
Ouch! That really hurt!
You shoot an arrow. The arrow barely misses the iguana.
The iguana bites you but does no damage.
You shoot an arrow. The arrow barely misses the iguana.
The iguana bites you but does no damage.
You shoot an arrow. The arrow hits the iguana.
The iguana is almost dead.
The iguana bites you.
You shoot an arrow. The arrow closely misses the iguana.
The iguana closely misses you. The iguana misses you.
You shoot an arrow. The arrow barely misses the iguana.
The iguana bites you.
You die...

. # ...
#####.####.....
.......@l......
######.###.....
... ... #...# .
###. .# .# #


You could see an iguana.

Vanquished Creatures
  A bombardier beetle (D:3)
  Robin (D:3)
  An adder (D:2)
  2 dart slugs (D:1)
  A ribbon worm (D:3)
  An orc (D:3)
  4 endoplasms
  A giant cockroach (D:3)
  5 hobgoblins
  2 jackals (D:2)
  4 kobolds
  5 quokkas
  3 ball pythons
  3 bats
  2 frilled lizards
  17 goblins
  3 rats
56 creatures vanquished.

Notes
Turn   | Place    | Note
-------+----------+-------------------------------------------
     0 | D:1      | qw the Spriggan Hunter began the quest for the Orb.
     0 | D:1      | Reached XP level 1. HP: 10/10 MP: 2/2
     0 | D:1      | 0 ||| qw: Version: 0.3-a-155-g5e7d8dd
     0 | D:1      | 0 ||| qw: Game counter: 816
     0 | D:1      | 0 ||| qw: Melee chars always use a shield: true
     0 | D:1      | 0 ||| qw: God list: Okawaru
     0 | D:1      | 0 ||| qw: Allow faded altars: false
     0 | D:1      | 0 ||| qw: Do Orc after clearing Dungeon:15 true
     0 | D:1      | 0 ||| qw: Do second Lair branch before Depths: true
     0 | D:1      | 0 ||| qw: Lair rune preference: random
     0 | D:1      | 0 ||| qw: Goals: Normal
     0 | D:1      | 0 ||| PLANNING D:1-11
    40 | D:1      | Reached skill level 3 in Dodging
    85 | D:1      | Reached XP level 2. HP: 14/14 MP: 3/3
   429 | D:1      | 429 ||| READING scroll labelled RIAMOGUUTI.
   429 | D:1      | 429 ||| ENCHANTING +0 shortbow.
   430 | D:1      | 430 ||| READING scroll labelled XENGUZIKOD.
   433 | D:1      | 433 ||| DROPPING scroll of butterflies.
   532 | D:2      | Reached XP level 3. HP: 18/18 MP: 4/4
   938 | D:2      | Found a shimmering blue altar of Sif Muna.
   997 | D:2      | 997 ||| READING scroll labelled VIELLYEROC.
   997 | D:2      | 997 ||| IDENTIFYING white potion
   998 | D:2      | 998 ||| DROPPING potion of degeneration.
  1098 | D:3      | Noticed Robin
  1124 | D:3      | HP: 4/18 [Robin/+0 spear (1)]
  1125 | D:3      | Killed Robin
  1126 | D:3      | Reached XP level 4. HP: 6/22 MP: 5/5
  1477 | D:3      | 1477 ||| READING 3 scrolls labelled HOMOIR UCOZOSH.
  1478 | D:3      | 1478 ||| READING 2 scrolls labelled HYLYSK HUAB.
  1479 | D:3      | 1479 ||| READING scroll labelled DOTSOR WUDD.
  1480 | D:3      | 1480 ||| DRINKING 3 yellow potions.
  1481 | D:3      | 1481 ||| DROPPING 2 scrolls of noise.
  1482 | D:3      | 1482 ||| DROPPING scroll of revelation.
  1522 | D:4      | HP: 2/22 [iguana (13)]
  1527 | D:4      | Slain by an iguana

Levels and vault maps discovered:
D:1:      lightli_arrival_statuegarden, layout_rooms
D:2:      layout_basic, basic_altar
D:3:      layout_rooms, uniq_robin
D:4:      layout_loops_ring, nicolae_overflow_crystal_walls,
          lemuel_mausoleum_altar_yredelemnul, grunt_ashenzari_visionary
          [grunt_ashenzari_visionary_swamp, grunt_ashenzari_visionary_snake],
          overflow_temple_1_default, minmay_misc_feat_square,
          minmay_increasing_density

Skill      XL: |  1  2  3  4 |
---------------+-------------+-----
Dodging        | 3 4 5 |  5.4
Ranged Weapons | 5 |  5.0
Fighting       | |  1.6
Stealth        | |  1.5

Action                     |  1- 3 |  4- 6 || total
---------------------------+-------+-------++-------
   Fire: Shortbow          |   122 |    51 ||   173
    Use: Scroll            |     3 |     3 ||     6
         Potion            |       |     1 ||     1
 Armour: Robe              |    14 |    10 ||    24
  Dodge: Dodged            |    36 |    15 ||    51

Table legend:
 A = Non-vault XP
 B = Vault XP
 C = Vault XP percentage of total XP
 D = Non-vault monster count
 E = Vault monster count
 F = Vault count percentage of total count
                 A         B        C        D         E       F
            +---------+---------+-------+---------+---------+-------
      Total |     139 |      34 |  19.7 |      45 |      11 |  19.6
            +---------+---------+-------+---------+---------+-------
        D:1 |      34 |       0 |   0.0 |      16 |       0 |   0.0
        D:2 |      33 |       0 |   0.0 |      13 |       0 |   0.0
        D:3 |      72 |      34 |  32.1 |      16 |      11 |  40.7
            +---------+---------+-------+---------+---------+-------
